 Dungeon Crawl Stone Soup version 0.32-a0-86-g8db1b9f803 (webtiles) character file.

Game seed: 17943263747578594409

9 Atlas the Firebug (level 2, -1/19 HPs)
             Began as a Demonspawn Fire Elementalist on Feb 5, 2024.
             Slain by a giant cockroach (2 damage)
             ... on level 2 of the Dungeon.
             The game lasted 00:00:38 (1304 turns).

Atlas the Firebug (Demonspawn Fire Elementalist)    Turns: 1304, Time: 00:00:39

Health: -1/19      AC:  3    Str:  8    XL:     2   Next: 3%
Magic:  5/5        EV: 11    Int: 15    God:
Gold:   47         SH:  0    Dex: 13    Spells: 4/5 levels left

rFire   . . .        (no weapon)
rCold   . . .        (no shield)
rNeg    . . .        c - +0 leather armour
rPois   .            (no helmet)
rElec   .            (no cloak)
rCorr   .            (no gloves)
SInv    .            (no boots)
Will    .....        (no amulet)
Stlth   ++           (no ring)
HPRegen 0.23/turn    (no ring)
MPRegen 0.09/turn

%: no passive effects
@: no status effects
A: demonic guardian 1
a: no special abilities


You were on level 2 of the Dungeon.
You visited 1 branch of the dungeon, and saw 2 of its levels.

You collected 47 gold pieces.

Inventory:

Armour
 a - a +0 robe
 c - a +0 leather armour (worn)
Scrolls
 d - a scroll of enchant armour {unknown}
 f - a scroll of noise {unknown}
 h - 3 scrolls of identify {unknown}
 k - 2 scrolls of immolation {unknown}
 l - a scroll of blinking {unknown}
 m - a scroll of torment {unknown}
 n - a scroll of silence {unknown}
 o - a scroll of teleportation {unknown}
Potions
 b - a potion of magic
 e - a potion of mutation {unknown}
 g - a potion of lignification {unknown}
 i - a potion of cancellation {unknown}
 j - a potion of brilliance {unknown}


   Skills:
 + Level 2.0 Dodging
 + Level 1.9 Stealth
 + Level 2.1 Spellcasting
 + Level 1.0 Conjurations
 + Level 2.8 Fire Magic


You had 4 spell levels left.
You knew the following spells:

 Your Spells              Type           Power      Damage    Failure   Level
a - Foxfire               Conj/Fire      28%        2x1d5     14%         1

Your spell library contained the following spells:

 Spells                   Type           Power      Damage    Failure   Level
 Scorch                   Fire           20%        2d5       14%         2
 Inner Flame              Hex/Fire       5%         N/A       47%         3
 Volatile Blastmotes      Fire/Tloc      10%        2d10      47%         3
 Flame Wave               Conj/Fire      7%         2d5       82%         4


Dungeon Overview and Level Annotations

Branches:
Dungeon (2/15)

Altars:


Innate Abilities, Weirdness & Mutations

A weak demonic guardian rushes to your aid.


Message History

The giant cockroach barely misses you.
The giant cockroach bites you but does no damage.
The giant cockroach waves its antennae.
The giant cockroach misses you. The giant cockroach barely misses you.
The giant cockroach closely misses you.
The giant cockroach bites you but does no damage.
The giant cockroach bites you but does no damage.
The giant cockroach bites you. The giant cockroach barely misses you.
The giant cockroach closely misses you. The giant cockroach barely misses you.
The giant cockroach barely misses you. x2; The giant cockroach misses you.
The giant cockroach bites you but does no damage.
The giant cockroach waves its antennae.
The giant cockroach bites you.
The giant cockroach closely misses you. x2; The giant cockroach misses you.
The giant cockroach bites you. The giant cockroach misses you.
The giant cockroach bites you but does no damage.
The giant cockroach barely misses you.
The giant cockroach bites you but does no damage.
The giant cockroach bites you but does no damage.
The giant cockroach closely misses you.
The giant cockroach barely misses you. x2
The giant cockroach bites you but does no damage.
The giant cockroach misses you.
The giant cockroach bites you but does no damage.
The giant cockroach closely misses you. x2; The giant cockroach bites you. x2
The giant cockroach barely misses you. The giant cockroach misses you.
The giant cockroach bites you. The giant cockroach barely misses you.
The giant cockroach bites you.
* * * LOW HITPOINT WARNING * * *
The giant cockroach misses you.
The giant cockroach closely misses you. x2
The giant cockroach barely misses you. x3
The giant cockroach bites you.
* * * LOW HITPOINT WARNING * * *
A demonic guardian appears!
The giant cockroach closely misses you.
The giant cockroach completely misses you.
The giant cockroach bites you but does no damage.
The giant cockroach closely misses you. The giant cockroach bites you.
* * * LOW HITPOINT WARNING * * *
The giant cockroach bites you.
You die...

###..##########.##....#.##.#.#.#
##...#### #.......#.##.#.#..
#.......# #####...#....#.###
..#.....# #...######...#
.##.....# ########...# ###.#
###.....# #..........# #.#
#.....#####.#..####..# #.#
#.....#.......B##....# #.#
#.....#.###.#B@B.....########.#
#.....# ###..BB##.#...........#
#...... #....5B##.....#########
####+####.####?####..... # #..
##..#... .... ##......# .....
#.#..### ......[ #.#.##
........#.# #


You could see 6 giant cockroaches and a friendly ufetubus (summoned).

Vanquished Creatures
  4 goblins
  A ball python (D:1)
  2 bats (D:2)
  A kobold (D:1)
  A rat (D:2)
9 creatures vanquished.

Vanquished Creatures (others)
  26 foxfires
26 creatures vanquished.

Grand Total: 35 creatures vanquished

Notes
Turn   | Place    | Note
-------+----------+-------------------------------------------
     0 | D:1      | Atlas the Demonspawn Fire Elementalist began the quest for
                  | the Orb.
     0 | D:1      | Reached XP level 1. HP: 13/13 MP: 3/3
  1158 | D:2      | Gained mutation: A weak demonic guardian rushes to your
                  | aid. [demonic ancestry]
  1158 | D:2      | Reached XP level 2. HP: 19/19 MP: 1/5
  1304 | D:2      | Slain by a giant cockroach

Illustrated notes

Levels and vault maps discovered:
D:1:      kennysheep_arrival_forest, layout_basic
D:2:      minmay_roachtagon, layout_basic,
          hellmonk_ecumenical_altar_watching_god, uniq_crazy_yiuf_cottage

Skill      XL: |  1 |
---------------+----+-----
Dodging        | 2 |  2.0
Stealth        | |  1.9
Spellcasting   | |  2.1
Conjurations   | |  1.0
Fire Magic     | |  2.8

Action                     || total
---------------------------++-------
  Melee: Unarmed           ||     5
   Cast: Foxfire           ||    15
 Armour: Leather armour    ||    38
  Dodge: Dodged            ||    43

Table legend: (Time is in decaauts)
 A = Elapsed time spent in this place.
 B = Non-inter-level travel time spent in this place.
 C = Inter-level travel time spent in this place.
 D = Time resting spent in this place.
 E = Time spent auto-exploring this place.
 F = Levels seen in this place.
 G = Mean time per level.
                   A        B        C        D        E       F      G
               +--------+--------+--------+--------+--------+-----+--------+
         Total |   1303 |   1218 |     85 |      0 |   1111 |   2 |  651.5 |
       Dungeon |   1303 |   1218 |     85 |      0 |   1111 |   2 |  651.5 |
               +--------+--------+--------+--------+--------+-----+--------+

Top non-repeatable levels by time:
     D:1: 989 daAuts
     D:2: 314 daAuts
